 Dungeon Crawl Stone Soup version 0.16.0-12-g7215832 (webtiles) character file.

163 kae the Firebug (level 5, -4/28 HPs)
             Began as a Tengu Fire Elementalist on Mar 18, 2015.
             Slain by Grinder (9 damage)
             ... on level 3 of the Dungeon.
             The game lasted 00:02:44 (2330 turns).

kae the Firebug (Tengu Fire Elementalist)           Turns: 2330, Time: 00:02:45

Health: -4/28      AC:  2    Str:  8    XL:     5   Next: 44%
Magic:  10/11      EV: 12    Int: 17    God:
Gold:   114        SH:  0    Dex: 14    Spells: 1 memorised, 8 levels left

rFire  . . .     SeeInvis .     i - +0 spear
rCold  . . .     Clarity  .     a - +0 robe
rNeg   . . .     SustAb   .     (no shield)
rPois  .         Gourm    .     (helmet restricted)
rElec  .         Spirit   .     (no cloak)
rCorr  .         Warding  .     (no gloves)
rMut   .         Stasis   .     (boots unavailable)
MR     .....                    (no amulet)
Stlth  +.........               (no ring)
                                h - ring of loudness (curse)

@: not resistant to hostile enchantments, very unstealthy
A: able to fly, beak, talons 3
a: Fly


You were on level 3 of the Dungeon.
You were very hungry.

You visited 1 branch of the dungeon, and saw 3 of its levels.

You collected 114 gold pieces.

Inventory:

Hand weapons
 i - a +0 spear (weapon)
Armour
 a - a +0 robe (worn)
Jewellery
 h - a cursed ring of loudness (left hand)
 s - an uncursed ring of flight {unknown}
Scrolls
 f - 2 scrolls of noise {unknown}
 g - a scroll of fear
 j - 3 scrolls of identify {unknown}
 k - a scroll of remove curse {unknown}
 l - 2 scrolls of magic mapping {unknown}
 q - a scroll of enchant weapon {unknown}
Potions
 d - a potion of heal wounds
 m - a potion of beneficial mutation {unknown}
 p - a potion of poison {unknown}
 r - a potion of cancellation {unknown}
Books
 b - a book of Flames

   Spells                             Type                      Level
   a - Flame Tongue                   Conjuration/Fire             1
   b - Throw Flame                    Conjuration/Fire             2
   c - Conjure Flame                  Conjuration/Fire             3
   d - Inner Flame                    Hexes/Fire                   3
   e - Sticky Flame                   Conjuration/Fire             4
   f - Fireball                       Conjuration/Fire             5
Comestibles
 c - 4 bread rations
 n - a royal jelly
 o - a meat ration


   Skills:
 - Level 2.1 Dodging
 - Level 2.0 Stealth
 + Level 2.6 Spellcasting
 * Level 4.5 Conjurations
 * Level 4.9 Fire Magic


You had 8 spell levels left.
You knew the following spells:

 Your Spells              Type           Power        Failure   Level  Hunger
a - Flame Tongue          Conj/Fire      ###..        2%          1    #......


Dungeon Overview and Level Annotations

Branches:
Dungeon (3/15)

Altars:
Trog

Annotations:
D:3 Grinder


Innate Abilities, Weirdness & Mutations

You can fly.
You have a beak for a mouth.
You have claws for feet.


Message History

Press: ? - help, Dir - move target cursor, f/p - Grinder
Aim: Grinder, carrying a wand of digging {zapped: 2} You reach to attack!
You closely miss Grinder. You hit Grinder but do no damage. Grinder hits you!
You writhe in agony.
You hit Grinder!
Grinder is moderately wounded.
Grinder hits you.
You writhe in agony.
* * * LOW HITPOINT WARNING * * *
Unknown command.
Unknown command.
You are too injured to fight recklessly!
Casting: Flame Tongue
Confirm with . or Enter, or press ? or * to list all spells.
Aiming: Flame Tongue
Press: ? - help, Shift-Dir - straight line, f/p - Grinder
Aim: Grinder, carrying a wand of digging {zapped: 2} (moderately wounded)
The flame tongue hits Grinder.
Grinder is heavily wounded.
Grinder hits you!
You die...

#.# #.# #.# #.# #.# #.####
#.# #'# #..... #.# #...#
#.#### ##.# #.....# #....#
##.)## ##....... #.#..#
##.....##........ ###....#
#.......'†........+.......
##....##.@........###.....
##.#.###5.......# ###.##
###.# .#......# #.# #.###
#....## #.# #.# #.+## #.#
#.# ..# #.# ... #.# #.#
#########.#########.#
#................##.#


You could see Grinder.

Vanquished Creatures
  An orc priest (D:3)
  2 orc wizards (D:3)
  An adder (D:3)
  3 giant geckos
  11 orcs (D:3)
  3 giant cockroaches
  10 hobgoblins
  9 kobolds
  A ball python (D:2)
  3 bats
  A giant newt (D:2)
  3 goblins
  8 rats
56 creatures vanquished.

Vanquished Creatures (others)
  2 draconians (D:1)
  A vine stalker (D:1)
  A gargoyle (D:1)
  A troll (D:1)
  2 spriggans (D:1)
  A dwarf (D:1)
  2 centaurs (D:1)
  A mummy (D:1)
  An orc (D:1)
  3 kobolds (D:1)
  6 tentacles (D:1)
  89 tentacle segments (D:1)
110 creatures vanquished.

Grand Total: 166 creatures vanquished

Notes
Turn   | Place    | Note
--------------------------------------------------------------
     0 | D:1      | kae, the Tengu Fire Elementalist, began the quest for the Orb.
     0 | D:1      | Reached XP level 1. HP: 10/10 MP: 3/3
     2 | D:1      | Noticed a spriggan
     2 | D:1      | Noticed a spriggan
     2 | D:1      | Noticed a troll
     2 | D:1      | Noticed a gargoyle
     2 | D:1      | Noticed a centaur
     2 | D:1      | Noticed a dwarf
     2 | D:1      | Noticed a kraken
     2 | D:1      | Noticed a draconian
     2 | D:1      | Noticed a draconian
     2 | D:1      | Noticed a centaur
     2 | D:1      | Noticed a vine stalker
     5 | D:1      | Killed a centaur
     5 | D:1      | Killed a draconian
     7 | D:1      | Killed a dwarf
     7 | D:1      | Killed a spriggan
     7 | D:1      | Killed a troll
    10 | D:1      | Killed a centaur
    10 | D:1      | Killed a vine stalker
    11 | D:1      | Killed a spriggan
    11 | D:1      | Killed a gargoyle
    14 | D:1      | Killed a draconian
   240 | D:1      | Reached XP level 2. HP: 12/15 MP: 0/5
   958 | D:2      | Reached XP level 3. HP: 16/19 MP: 7/7
  1099 | D:2      | Found a bloodstained altar of Trog.
  1271 | D:3      | Reached skill level 4 in Fire Magic
  1922 | D:3      | Reached XP level 4. HP: 20/24 MP: 5/9
  1941 | D:3      | Reached XP level 5. HP: 11/28 MP: 0/11
  2213 | D:3      | Noticed Grinder
  2330 | D:3      | Slain by Grinder

Action                   |  1- 3 |  4- 6 || total
-------------------------+-------+-------++-------
Melee: Unarmed           |    26 |       ||    26
       Spear             |    92 |    27 ||   119
 Cast: Flame Tongue      |    23 |    14 ||    37
  Use: Scroll            |     2 |       ||     2
       Potion            |       |     1 ||     1
 Stab: Distracted        |     1 |       ||     1
  Eat: Chunk             |     3 |     1 ||     4
